[Event "Early-Titled-Tuesday-Blitz-April-16-2024"]
[Site "Chess.com"]
[Date "2024.04.16"]
[Round "1"]
[White "AndrewB92"]
[Black "Alen_Yeremyann"]
[Result "0-1"]
[WhiteElo "2465"]
[BlackElo "2819"]
[TimeControl "180+1"]
[EndTime "8:07:49 PDT"]
[Termination "Alen_Yeremyann won on time"]

1. d4 Nf6 2. c4 g6 3. Nc3 d5 4.
cxd5 Nxd5 5. e4 Nxc3 6. bxc3 Bg7 7. Bb5+ Nd7 8. Ne2 O-O 9. O-O Nb6 10. Bg5 h6 11.
Bh4 c6 12. Bd3 Be6 13. f4 Bc4 14. f5 Bxd3 15. Qxd3 g5 16. Bf2 e6 17. Ng3 Nd7 18. Nh5 exf5 19. exf5 Nf6 20. Qh3 Re8 21. Rae1 Ne4 22.
Nxg7 Kxg7 23. f6+ Qxf6 24. Bg3 Nxg3 25. Qxg3 Qg6 26. Re5 Re6 27. Ref5 Re7 28. h4 gxh4 29.
Qxh4 Rae8 30. R5f4 h5 31. Rf5 Re4 32. Qf2 Re2 33.
Qf3 R8e7 34. Rf6 R2e6 35. Rxg6+ Rxg6 36. Qf5 h4 37. Qh5 Re3 38. Qe2 Reg3 39. Qf2 f6 40. Qf4 h3 41. Kh1 hxg2+ 42. Kh2 gxf1=Q 43. Qg4 R3xg4 0-1

[Event "Early-Titled-Tuesday-Blitz-April-16-2024"]
[Site "Chess.com"]
[Date "2024.04.16"]
[Round "1"]
[White "Alexchess1984"]
[Black "Dzidzik2203"]
[Result "0-1"]
[WhiteElo "2688"]
[BlackElo "2419"]
[TimeControl "180+1"]
[EndTime "8:07:49 PDT"]
[Termination "Dzidzik2203 won by checkmate"]

1. e4 c5 2. c3 d6 3. d4 Nf6 4. Bd3 Nc6 5. Nf3 Bg4 6. Be3 g6 7. O-O Bg7 8. h3 Bxf3 9. Qxf3 cxd4 10. cxd4 Nd7 11. Bc4 O-O 12. Rd1 Rc8 13. Bf1 e5 14.
dxe5 dxe5 15. Nc3 Nd4 16. Bxd4 exd4 17. Nd5 Ne5 18. Qa3 Re8 19. Bb5 Re6 20. Rac1 a6 21. Ba4 b5 22. Bb3 Bf8 23. Rxc8 Qxc8 24. Qa5 Rc6 25. Qd2 Bc5 26. f4 Nc4 27. Bxc4 bxc4 28. Kh1 d3 29. b3 Qe6 30. bxc4 Qxe4 31. Qxd3 f5 32. Qxe4 fxe4 33. Re1 e3 34. Nxe3 Bxe3 35. Rxe3 Rxc4 36. Re6 Ra4 37. Re2 Rxf4 38. Kh2 Ra4 39.
Kg3 Kf7 40. Kf3 Kf6 41. Ke3 h5 42. Kd3 Kg5 43. Kc3 Kf4 44. Kb3 Re4 45. Rf2+ Kg3 46. Rf6 Kxg2 47. Rxg6+ Kxh3 48. Rxa6 h4 49. Rh6 Kg3 50.
a4 h3 51. a5 h2 52. a6 Re6 53.
Rxe6 h1=Q 54. Kb4 Qb1+ 55. Kc5 Qc2+ 56. Kd5 Qb3+ 57. Ke5 Qc3+ 58. Kd5 Qa5+ 59. Ke4 Qa4+ 60. Ke5 Kf3 61. Rf6+ Ke3 62. Rd6 Qa5+ 63. Ke6 Ke4 64. Kd7 Ke5 65. Re6+ Kd5 66. Rd6+ Kc5 67. Rc6+ Kb5 68. Rh6 Qd2+ 69. Kc8 Qxh6 70. a7 Qc6+ 71. Kb8 Kb6 72. a8=Q Qc7# 0-1

[Event "Early-Titled-Tuesday-Blitz-April-16-2024"]
[Site "Chess.com"]
[Date "2024.04.16"]
[Round "1"]
[White "Seochesspie"]
[Black "ural58"]
[Result "1-0"]
[WhiteElo "2863"]
[BlackElo "2492"]
[TimeControl "180+1"]
[EndTime "8:07:50 PDT"]
[Termination "Seochesspie won by resignation"]

1. Nf3 d5 2. e3 Nc6 3. Bb5 a6 4.
Bxc6+ bxc6 5. b3 c5 6. Bb2 f6 7. d3 e5 8. Nbd2 Be6 9. O-O Qd7 10. e4 c6 11. Qe2 Ne7 12. Nb1 h5 13. Nc3 g5 14.
Na4 Ng6 15. Nd2 Rb8 16. Ba3 c4 17. Bxf8 cxd3 18. Qxd3 Nxf8 19. Qxa6 Qb7 20. Qxb7 Rxb7 21. Nc5 Ra7 22. a4 Bc8 23. b4 Ne6 24. Ndb3 Ke7 25. Nxe6 Bxe6 26. Nc5 d4 27. b5 Bc4 28. b6 Ra5 29.
Nb7 Ra6 30. Rfb1 Rb8 31. Nc5 Raxb6 32. Rxb6 Rxb6 33. a5 Rb8 34. f3 Kd6 35. Nd3 Bxd3 36. cxd3 Kc7 37. h4 gxh4 38. Kh2 Rb3 39. a6 Kb8 40. Rc1 Rb6 41. Kh3 Rxa6 42. Kxh4 Kc7 43. Kxh5 Ra3 44. Kg6 Rxd3 45. Kxf6 Rd2 46. Kxe5 d3 47.
g4 Rf2 48. f4 d2 49. Rd1 c5 50.
f5 Kc6 51. g5 Kb5 52. g6 c4 53. g7 Rg2 54. Rxd2 Rxg7 55. f6 Rc7 56. Kf5 c3 57. Rc2 Kc4 58. e5 Kd3 59. Rc1 Kd2 60. Rh1 c2 61. e6 c1=Q 62. Rxc1 Rxc1 63. e7 Re1 64.
Kg6 1-0

[Event "Early-Titled-Tuesday-Blitz-April-16-2024"]
[Site "Chess.com"]
[Date "2024.04.16"]
[Round "1"]
[White "ChadBiryani"]
[Black "Evgeny81"]
[Result "1-0"]
[WhiteElo "2458"]
[BlackElo "2769"]
[TimeControl "180+1"]
[EndTime "8:07:50 PDT"]
[Termination "ChadBiryani won by resignation"]

1. c3 g6 2. d4 Bg7 3. Bf4 d6 4. e3 Nc6 5. Be2 e5 6. Bg3 f5 7. h4 Nf6 8. h5 O-O 9. hxg6 hxg6 10. Qb3+ d5 11. Bxe5 Nxe5 12. dxe5 Ne4 13. Nf3 c6 14. Nbd2 Qe7 15. c4 Be6 16. Rd1 Rfd8 17.
cxd5 Bxd5 18. Bc4 Nc5 19. Qc3 b5 20. Bxd5+ Rxd5 21. b4 Nd3+ 22. Ke2 Rad8 23. Qxc6 Kf7 24. Rh7 Nxb4 25. Qc3 Kg8 26. Rdh1 Nxa2 27. Qb3 Nc1+ 28.
Rxc1 Kxh7 29. Rh1+ Kg8 30. e4 fxe4 31. Nxe4 Qf7 32. Rh3 a5 33. Nfg5 Qc7 34. Ne6 Qxe5 35.
Nxd8 Qxe4+ 36. Re3 Qg4+ 37. Ke1 Qb4+ 38. Qxb4 axb4 39.
Nc6 Rd6 40. Nxb4 Bd4 41. Rf3 Bc5 42. Nd3 Bd4 43. Kd2 Kg7 44. Kc2 Rc6+ 45. Kb3 Rc3+ 46. Kb4 Bf6 47. Kxb5 g5 48. Kb4 Kg6 49. Rxf6+ Kxf6 50.
Kxc3 1-0

[Event "Early-Titled-Tuesday-Blitz-April-16-2024"]
[Site "Chess.com"]
[Date "2024.04.16"]
[Round "1"]
[White "ExchangeAB"]
[Black "Gabrielian_Artur"]
[Result "0-1"]
[WhiteElo "2441"]
[BlackElo "2779"]
[TimeControl "180+1"]
[EndTime "8:07:50 PDT"]
[Termination "Gabrielian_Artur won by resignation"]

1. d4 Nf6 2. Nf3 g6 3. c4 Bg7 4. g3 O-O 5. Bg2 d6 6. O-O c5 7.
Nc3 Nc6 8. d5 Na5 9. Nd2 e6 10.
e4 exd5 11. cxd5 Re8 12. Re1 a6 13. a4 Bd7 14. Nb3 Nxb3 15. Qxb3 Rb8 16. a5 Ng4 17. h3 Ne5 18. Bf4 b5 19. axb6 Rxb6 20. Qc2 Qc8 21.
Na4 Rb4 22. Kh2 Qb7 23. Ra2 Rb8 24. Bxe5 Bxe5 25. f4 Bd4 26. e5 Bxa4 27. Rxa4 Rxb2 28. Qe4 Qb3 29. Rxa6 Bf2 30. Rf1 Qxg3+ 31. Kh1 R2b4 32. Qf3 Rxf4 33. Qxg3 Bxg3 34. exd6 Rxf1+ 35. Bxf1 Rd8 36. Rc6 Bxd6 37. Kg2 f5 38. Bc4 Kg7 39. Ra6 Kf6 40. Kf3 g5 41. Ra7 h5 42. Rh7 g4+ 43. Kg2 Kg5 44.
hxg4 hxg4 45. Rf7 Rf8 46. Rd7 Rf6 47. Bd3 Kf4 48. Rd8 Ke3 49. Bc2 f4 50. Bd1 f3+ 51. Kf1 g3 52. Re8+ Kd2 53. Bxf3 Rxf3+ 54. Kg2 Rf2+ 55.
Kh3 Rh2+ 56. Kg4 g2 0-1

[Event "Early-Titled-Tuesday-Blitz-April-16-2024"]
[Site "Chess.com"]
[Date "2024.04.16"]
[Round "1"]
[White "lefonghua"]
[Black "SoCalJuniorChess"]
[Result "1-0"]
[WhiteElo "2581"]
[BlackElo "2193"]
[TimeControl "180+1"]
[EndTime "8:07:50 PDT"]
[Termination "lefonghua won by resignation"]

1. d4 Nf6 2. c4 e5 3. dxe5 Ng4 4. Bf4 Nc6 5. Nf3 Bb4+ 6. Nbd2 Qe7 7. e3 a5 8. Be2 Ncxe5 9. Nxe5 Nxe5 10. O-O O-O 11. a3 Bc5 12. b4 axb4 13. axb4 Rxa1 14. Qxa1 Ng6 15. Bxc7 Bxb4 16. Nf3 d5 17. Ba5 Be6 18. Bxb4 Qxb4 19. Rb1 Qe7 20. Nd4 dxc4 21. Nxe6 Qxe6 22. Rxb7 Qc6 23. Qa7 c3 24. Rc7 Ra8 25. Rxc6 Rxa7 26. Rc8+ Nf8 27. Rxc3 Ra1+ 28. Bf1 f6 29. g3 Kf7 30.
Kg2 g5 31. Rc7+ Ke6 32. Bc4+ Kf5 33. Bd3+ Ke5 34. Bxh7 Ne6 35. Re7 Kd6 36. Re8 Ng7 37. Rg8 Ne6 38. Bf5 Nc5 39. Rd8+ Ke5 40. g4 Ra2 41.
Re8+ Kd6 42. Rd8+ Ke7 43. Rc8 Nb3 44. Rc7+ Kd6 45. Rd7+ Kc6 46. Be6 Nc1 47. Bxa2 Kxd7 48. Bc4 Kd6 49. f4 gxf4 50. exf4 Kc5 51. Bf1 Kd4 52. Kf3 Nb3 53. h4 Nd2+ 54. Ke2 Ne4 55. Bg2 Ng3+ 56. Kf3 1-0

[Event "Early-Titled-Tuesday-Blitz-April-16-2024"]
[Site "Chess.com"]
[Date "2024.04.16"]
[Round "1"]
[White "VinzentSpitzl"]
[Black "bipe137"]
[Result "1-0"]
[WhiteElo "2444"]
[BlackElo "2730"]
[TimeControl "180+1"]
[EndTime "8:07:51 PDT"]
[Termination "VinzentSpitzl won on time"]

1. d4 d5 2. Nf3 Nf6 3. c4 e6 4. Nc3 a6 5. cxd5 exd5 6. Bg5 Be6 7. e3 Nbd7 8. Bd3 Bd6 9. O-O c6 10. Qc2 Qb8 11. Rfe1 O-O 12. h3 h6 13. Bxf6 Nxf6 14. Rad1 Re8 15. a3 Bxh3 16. gxh3 g6 17. Bxg6 Kh8 18.
Bxf7 Rf8 19. Qg6 Ng8 20. Nh4 Qc7 21. Be6 Rf6 22. Qg4 h5 23. Qxh5+ Rh6 24. Qg4 Re8 25. Ng6+ Kh7 26. Bf5 Nf6 27. Qg2 Rh5 28. Bb1 Kh6 29. Kf1 Rg5 30. Qf3 Nh5 31. e4 Rxg6 32. e5 Ng3+ 33. Kg2 Ne4+ 34. Kh1 Be7 35. Nxe4 dxe4 36.
Bxe4 Rg5 37. Qf7 Rg7 38. Qf4+ Bg5 39. Qf5 Ree7 40. Rg1 Ref7 41. Qg4 Qe7 42. Rdf1 Rf4 43. Qe2 Qf7 44. Rg3 Qb3 45. Rxb3 Rh4 46. Rg3 Be3 47. Rfg1 Bxf2 48. Qxf2 1-0

[Event "Early-Titled-Tuesday-Blitz-April-16-2024"]
[Site "Chess.com"]
[Date "2024.04.16"]
[Round "1"]
[White "Martial2008"]
[Black "LileKoridze"]
[Result "1-0"]
[WhiteElo "2662"]
[BlackElo "2368"]
[TimeControl "180+1"]
[EndTime "8:07:51 PDT"]
[Termination "Martial2008 won by checkmate"]

1. d4 Nf6 2. Nf3 e6 3. Bg5 b6 4. Nbd2 Bb7 5. e3 Be7 6. Bd3 O-O 7. O-O h6 8. Bh4 d5 9. c3 c5 10. Ne5 Nbd7 11. Bxf6 Bxf6 12. f4 Rc8 13. Qh5 Nxe5 14.
fxe5 Bg5 15. Rae1 cxd4 16. cxd4 Qe7 17. Nf3 g6 18. Qg4 Qd8 19. h4 Be7 20. Bxg6 fxg6 21. Qxg6+ Kh8 22. Qxh6+ Kg8 23. Qxe6+ Kh8 24. Qh6+ Kg8 25.
Qg6+ Kh8 26. Ng5 Bxg5 27. hxg5 Qe7 28. Qh6+ Kg8 29. Rf4 Rc6 30. Rf6 Rcxf6 31. gxf6 Qh7 32. Qg5+ Kf7 33. Rc1 Rc8 34. e6+ Kxe6 35. Rxc8 Bxc8 36. Qg4+ Kxf6 37. Qxc8 Qb1+ 38. Kh2 Qh7+ 39. Kg3 Qg6+ 40. Qg4 Qc2 41. Qf4+ Kg6 42. Qd6+ Kg7 43. Qxd5 Qxb2 44. Qd7+ Kg6 45. Qxa7 Qb1 46. Qa3 Qe1+ 47. Kh3 Qh1+ 48. Kg3 Qe1+ 49. Kf4 Qf2+ 50. Ke5 Qg3+ 51. Ke6 Qg4+ 52.
Kd5 Qxg2+ 53. Kc4 Qe2+ 54. Kb4 Qe1+ 55. Kb5 Qb1+ 56. Qb3 Qf5+ 57. Kxb6 Qf6+ 58. Kc5 Qe7+ 59. Kc4 Qc7+ 60. Kd3 Qh2 61. Qe6+ Kh7 62. Qe7+ Kg8 63.
Qe6+ Kh7 64. Qf7+ Kh8 65. Qf8+ Kh7 66. Qf5+ Kh8 67. Ke4 Qxa2 68. Qe5+ Kh7 69. Qe7+ Kh8 70. Qe5+ Kh7 71. Qh5+ Kg7 72. Qg5+ Kh7 73. Qf5+ Kh8 74. Qf4 Kh7 75. Kf5 Qd5+ 76. Qe5 Qf3+ 77. Ke6 Qc6+ 78. Ke7 Qb7+ 79. Kf6 Qg7+ 80. Ke6 Qg8+ 81. Kd6 Qb8+ 82. Kc6 Qa8+ 83. Kb6 Qa2 84. d5 Qb3+ 85. Kc7 Qc4+ 86. Kd6 Qb4+ 87. Ke6 Qb6+ 88. d6 Qb3+ 89. Kf6 Qg8 90. Qh5# 1-0

[Event "Early-Titled-Tuesday-Blitz-April-16-2024"]
[Site "Chess.com"]
[Date "2024.04.16"]
[Round "1"]
[White "Orest_Vovk"]
[Black "JaackCamel"]
[Result "0-1"]
[WhiteElo "2572"]
[BlackElo "2232"]
[TimeControl "180+1"]
[EndTime "8:07:51 PDT"]
[Termination "JaackCamel won on time"]

1. g4 d5 2. h3 e5 3. Bg2 Nf6 4. d4 e4 5. c4 c6 6. Nc3 Bb4 7. Qb3 Bxc3+ 8. Qxc3 O-O 9. Bg5 Nbd7 10. e3 h6 11. Bh4 Qb6 12. Ne2 Re8 13. O-O a5 14.
c5 Qb4 15. Rfc1 Nh7 16. a3 Qb5 17. Bf1 Qa6 18. Ng3 Qa7 19. Nf5 f6 20. Nd6 Re7 21. Bg3 Ndf8 22. Nxc8 Rxc8 23. b4 a4 24. b5 g5 25.
Rab1 Qa8 26. bxc6 bxc6 27. Rb6 Nd7 28. Rb4 Nhf8 29. Rcb1 f5 30. gxf5 Rf7 31. Be2 Rxf5 32. Bg4 Rf6 33. Rb7 Rd8 34. Bd6 Rxd6 35. cxd6 Qa6 36. Rc7 Nf6 37. Rbb7 Nxg4 38. hxg4 Qe2 39. Qc1 Qxg4+ 40. Kf1 Rxd6 41. Rg7+ Kh8 42. Rgf7 Kg8 43.
Rbe7 Qh5 44. Rg7+ Kh8 45. Ke1 Rf6 46. Kd2 Rxf2+ 47. Kc3 Qe2 0-1

[Event "Early-Titled-Tuesday-Blitz-April-16-2024"]
[Site "Chess.com"]
[Date "2024.04.16"]
[Round "1"]
[White "DonJuanEGenaro"]
[Black "santosalberto1987"]
[Result "0-1"]
[WhiteElo "1995"]
[BlackElo "2556"]
[TimeControl "180+1"]
[EndTime "8:07:51 PDT"]
[Termination "santosalberto1987 won on time"]

1. d4 Nf6 2. Nf3 g6 3. Bf4 Bg7 4. e3 O-O 5. Be2 d6 6. O-O b6 7. c3 Bb7 8. Nbd2 Nbd7 9. h3 Re8 10. a4 a6 11. Qb3 e5 12. Bh2 Ne4 13. Nxe4 Bxe4 14. Nd2 Bb7 15. Bf3 e4 16. Be2 Qe7 17. a5 b5 18. c4 c6 19. Qc2 Nf6 20. Nb3 g5 21. Rfc1 Nd7 22. cxb5 axb5 23. d5 cxd5 24.
Qc7 Ne5 25. Bxb5 Nc4 26. Qxe7 Rxe7 27. Bxc4 dxc4 28. Rxc4 Bd5 29. Rb4 Bxb2 30. Rd1 Bc3 31. Rb6 Rb7 32. Rxd5 Rxb6 33. axb6 Ra3 34. Rxd6 Rxb3 35.
Bg3 Ba5 36. Be5 Bxb6 37. Bf6 h6 38. Kh2 Kh7 39. Rd7 Kg6 40. Bd4 Bxd4 41. Rxd4 f5 42.
Rd6+ Kh5 43. h4 Rb2 44. hxg5 hxg5 45. Kg3 Ra2 46. Rf6 Ra5 47. f4 exf3 48. gxf3 Re5 49. Kf2 Rb5 50. f4 g4 51. Kg3 Ra5 52. Rf7 Kg6 53. Rf8 Ra2 54. Re8 Kf6 55. Kh4 Rh2+ 0-1

[Event "Early-Titled-Tuesday-Blitz-April-16-2024"]
[Site "Chess.com"]
[Date "2024.04.16"]
[Round "1"]
[White "platy3"]
[Black "Schattman"]
[Result "1-0"]
[WhiteElo "2908"]
[BlackElo "2503"]
[TimeControl "180+1"]
[EndTime "8:07:52 PDT"]
[Termination "platy3 won on time"]

1. e4 c6 2. Nf3 d5 3. Nc3 dxe4 4.
Nxe4 Nf6 5. Qe2 Nxe4 6. Qxe4 Qd5 7. Qf4 Qf5 8. d3 Qxf4 9. Bxf4 f6 10. d4 Bg4 11.
Bc4 Nd7 12. O-O-O Nb6 13. Bb3 Nd5 14. Bg3 a5 15. a4 Kd7 16. Rhe1 h5 17. h3 h4 18. Bh2 Bf5 19. Nd2 Re8 20. Ne4 e6 21. Nc5+ Kc8 22. c3 b6 23. Ne4 Kd7 24. Bc2 Bxe4 25.
Bxe4 Bd6 26. Bg1 f5 27. Bf3 g5 28. Be2 Nf4 29. Bf1 Rhg8 30. f3 Nd5 31. c4 Bf4+ 32. Kc2 Nc7 33. Kb3 Bg3 34. Re2 Re7 35. Ka2 Rge8 36. Red2 Kc8 37. d5 exd5 38. Bxb6 dxc4 39.
Bxc4 Kb7 40. Bxa5 Ra8 41. b4 Bf4 42. Rd7 Rxd7 43. Rxd7 Kc8 44. Rf7 Nd5 45. Bxd5 cxd5 46. Rxf5 Ra6 47. Rxd5 Re6 48. Kb3 Re3+ 49. Kc4 Re2 50.
b5 Rxg2 51. Rd8+ Kb7 52. Rd7+ Kc8 53. Rh7 Rg3 54. b6 Rxf3 55. Kb5 Rb3+ 56. Kc6 1-0

[Event "Early-Titled-Tuesday-Blitz-April-16-2024"]
[Site "Chess.com"]
[Date "2024.04.16"]
[Round "1"]
[White "yonaltimur"]
[Black "littlepinkyboy"]
[Result "1-0"]
[WhiteElo "2433"]
[BlackElo "2691"]
[TimeControl "180+1"]
[EndTime "8:07:52 PDT"]
[Termination "yonaltimur won by resignation"]

1. e4 c5 2. Nf3 Nc6 3. Bb5 d6 4.
O-O Bd7 5. Re1 e5 6. c3 a6 7. Bf1 Be7 8. d4 cxd4 9. cxd4 Bg4 10. d5 Nd4 11. Be2 Nxe2+ 12. Qxe2 Nf6 13. h3 Bh5 14. Nc3 O-O 15. a4 Rc8 16. a5 Nd7 17. Be3 Nc5 18.
Bxc5 Rxc5 19. g4 Bg6 20. Na4 Rxa5 21. b4 Rb5 22. Rab1 Qd7 23. Nc3 Rb6 24. Qe3 Bd8 25. Rec1 Bc7 26. Nd2 h5 27. Nc4 Rb5 28. Nxb5 axb5 29.
Nd2 hxg4 30. hxg4 Qxg4+ 31. Qg3 Qxg3+ 32. fxg3 Bb6+ 33. Kh2 Be3 34. Rc2 Bxd2 35. Rxd2 Rc8 36. Re2 Rc4 37. Rbe1 Rxb4 38. Kg2 Rc4 39. Kf2 b4 40.
Kf3 Bh5+ 41. g4 Rc3+ 42. Re3 Bg6 43. Rxc3 bxc3 44. Rc1 f6 45. Rxc3 Kh7 46. Rc7 Kh6 47. Rxb7 Bh7 48. Rd7 Kg6 49. Rxd6 Kf7 50. Rd7+ Ke8 51.
Rxg7 1-0

[Event "Early-Titled-Tuesday-Blitz-April-16-2024"]
[Site "Chess.com"]
[Date "2024.04.16"]
[Round "1"]
[White "dmosesov"]
[Black "Knightmare1014"]
[Result "1-0"]
[WhiteElo "2607"]
[BlackElo "2277"]
[TimeControl "180+1"]
[EndTime "8:07:52 PDT"]
[Termination "dmosesov won by checkmate"]

1. Nf3 d5 2. c4 d4 3. d3 Nf6 4. g3 c5 5. e3 Nc6 6. exd4 cxd4 7. Bg2 e5 8. O-O Be7 9. a3 a5 10. Re1 Nd7 11. Nbd2 O-O 12. Ne4 h6 13. g4 Qc7 14.
h3 a4 15. b4 axb3 16. Qxb3 Nc5 17. Nxc5 Bxc5 18. g5 h5 19. Qd1 g6 20. Qe2 Bf5 21. Nd2 Qd7 22. Ne4 Be7 23. Kh2 Kg7 24. Rb1 Nd8 25. Ng3 Nc6 26. Bxc6 bxc6 27. Qxe5+ Kg8 28.
Qxe7 Qxe7 29. Rxe7 Bxd3 30. Rb4 c5 31. Rb5 Rac8 32.
Re5 Bxc4 33. Rbxc5 Ba6 34. Bd2 d3 35. Ne4 Rfd8 36.
Nf6+ Kg7 37. Kg3 Rxc5 38. Rxc5 Rb8 39. Kf3 Rb2 40. Ke3 Rb6 41. Bc3 Kf8 42. Rc8+ Ke7 43. Nd5+ Ke6 44. Nxb6 Kf5 45. Rf8 Kxg5 46. Rxf7 Bb5 47. Bd2 Kh4 48. Rg7 Kxh3 49. Rxg6 Ba4 50.
Rh6 h4 51. Nxa4 Kg2 52. Rxh4 Kg1 53. f4 Kg2 54. Rh8 Kg3 55. f5 Kg4 56. f6 Kg3 57. f7 Kg2 58. f8=Q Kg3 59. Qf3# 1-0

[Event "Early-Titled-Tuesday-Blitz-April-16-2024"]
[Site "Chess.com"]
[Date "2024.04.16"]
[Round "1"]
[White "ferdipy"]
[Black "GMCarbone"]
[Result "0-1"]
[WhiteElo "2263"]
[BlackElo "2603"]
[TimeControl "180+1"]
[EndTime "8:07:54 PDT"]
[Termination "GMCarbone won by resignation"]

1. e4 c5 2. d4 cxd4 3. c3 Nf6 4. e5 Nd5 5. Nf3 d6 6. cxd4 Nc6 7. Bc4 dxe5 8. dxe5 Ndb4 9. Qb3 e6 10. O-O Na5 11. Qa4+ Bd7 12. Bb5 Bxb5 13. Qxb5+ Nac6 14. Nc3 a6 15. Qe2 Qd3 16. Be3 Qxe2 17. Nxe2 Nc2 18. Rac1 Nxe3 19. fxe3 Be7 20. Ned4 Nb4 21. Rc7 Rb8 22. e4 Bd8 23. Rc4 Nd3 24. Rc3 Nxb2 25. Rb1 Na4 26. Rc4 Nb6 27. Rcb4 Nd7 28. Rxb7 Rxb7 29.
Rxb7 Nc5 30. Ra7 O-O 31. Nc6 Bb6 32. Re7 Nxe4+ 33. Kf1 g6 34. Rb7 Bc5 35. Ke2 Rc8 36.
Ncd4 Bxd4 37. Nxd4 Nc3+ 38. Kd3 Nxa2 39. Ra7 h5 40. Ke4 Nb4 41. Nb3 Rc4+ 42. Kf3 Rc3+ 43. Kf4 Rxb3 44. Kg5 Kg7 45. h3 Nc6 46. Rxa6 Nxe5 47.
g4 hxg4 48. hxg4 Rb4 49. Kh4 Rxg4+ 50. Kh3 Rf4 51. Ra5 Rf5 52. Ra3 g5 0-1

[Event "Early-Titled-Tuesday-Blitz-April-16-2024"]
[Site "Chess.com"]
[Date "2024.04.16"]
[Round "1"]
[White "cthulhuuu"]
[Black "lamomiajunior"]
[Result "0-1"]
[WhiteElo "2426"]
[BlackElo "2741"]
[TimeControl "180+1"]
[EndTime "8:07:55 PDT"]
[Termination "lamomiajunior won on time"]

1. e4 c5 2. Nf3 d6 3. g3 Nf6 4. d3 Nc6 5. Bg2 g6 6. O-O Bg7 7. Re1 O-O 8. e5 dxe5 9. Nxe5 Nd4 10. c3 Nf5 11. Na3 Nd6 12. Be3 Qc7 13. Nac4 Be6 14. h3 Nd5 15. Bd2 Rad8 16. Qc1 Nxc4 17. Nxc4 b5 18. Ne3 Nf6 19. d4 cxd4 20. cxd4 Qxc1 21. Raxc1 Rxd4 22. Bc3 Rdd8 23. Bb4 Rfe8 24. Rc7 Bxa2 25. Rxa7 Be6 26. Bxe7 Rd7 27. Bxf6 Rxa7 28. Bxg7 Kxg7 29. Bc6 Rb8 30. b4 Ra4 31. Rb1 Ra3 32. Nd5 Rc8 33.
Bb7 Rd8 34. Nc7 Bxh3 35. Nxb5 Rad3 36. Nc7 R3d7 37. Rc1 Rb8 38. Bg2 Bxg2 39. Kxg2 Rxb4 40. Na6 Rb6 41. Nc5 Re7 42. Nd3 Rd6 43. Nf4 h5 44. Rc5 Rd2 45. Rc3 Rb7 46. Rf3 Rbb2 47. Nh3 f6 48. Nf4 Rd6 49. Nh3 g5 50. Ng1 Rd1 51. Re3 Rdd2 52. Rf3 g4 53. Rf4 Rd1 54. Re4 f5 55. Re5 Kf6 56. Re3 Rdd2 57. Ne2 Rxe2 0-1

[Event "Early-Titled-Tuesday-Blitz-April-16-2024"]
[Site "Chess.com"]
[Date "2024.04.16"]
[Round "1"]
[White "AradNazari"]
[Black "N_I_Chess"]
[Result "1-0"]
[WhiteElo "2695"]
[BlackElo "2397"]
[TimeControl "180+1"]
[EndTime "8:07:55 PDT"]
[Termination "AradNazari won on time"]

1. e4 Nf6 2. Nc3 d5 3. exd5 Nxd5 4. Bc4 Nb6 5. Bb3 Nc6 6. Nf3 Bf5 7. O-O e6 8. d3 Be7 9. h3 O-O 10. Re1 h6 11. Ne4 Nd5 12. c3 Qd7 13. Ba4 Bd6 14. Nd4 Nde7 15. Bxc6 Nxc6 16. Nxf5 exf5 17. Nxd6 Qxd6 18.
d4 Rfe8 19. Bd2 Ne7 20. Qf3 c6 21. Re5 f6 22. Re2 Qd5 23. Qxd5+ Nxd5 24. Rae1 Rxe2 25. Rxe2 Kf7 26. c4 Nc7 27. Bb4 Re8 28. Rxe8 Kxe8 29. f3 Ne6 30. Bc3 Nf4 31. Kf2 h5 32. b3 Kd7 33. Bd2 Ne6 34. Ke3 g6 35. d5 Nc7 36.
Kd4 cxd5 37. cxd5 Nb5+ 38. Kc5 Nc7 39. a4 Ne8 40. Bf4 g5 41. Bb8 g4 42. Bxa7 gxh3 43.
gxh3 h4 44. Bb8 Ng7 45. Bh2 Nh5 46. Kb6 Ng3 47. Kxb7 Nf1 48. Bf4 1-0

[Event "Early-Titled-Tuesday-Blitz-April-16-2024"]
[Site "Chess.com"]
[Date "2024.04.16"]
[Round "1"]
[White "SmirnovTimofey2000"]
[Black "GameOverBro"]
[Result "0-1"]
[WhiteElo "1951"]
[BlackElo "2553"]
[TimeControl "180+1"]
[EndTime "8:07:55 PDT"]
[Termination "GameOverBro won on time"]

1. e4 c5 2. c3 d6 3. d4 Nf6 4. Bd3 e5 5. Nf3 Nc6 6. dxe5 dxe5 7. O-O Qc7 8. Bg5 Be7 9. Na3 O-O 10. Nb5 Qb8 11. Bc4 a6 12. Na3 b5 13. Bd5 Nxd5 14. Qxd5 Be6 15. Qd2 f6 16. Be3 b4 17.
Nc2 Bc4 18. Rfd1 Rd8 19. Qe1 Qb5 20. b3 Bd3 21. c4 Qb6 22. Rac1 Bxe4 23. Bxc5 Bxc5 24.
Qxe4 Bxf2+ 25. Kh1 Bc5 26. Rd5 Ne7 27. Rd2 Rxd2 28. Nxd2 Rd8 29. Qe2 Nf5 30. Ne4 Nd4 31. Nxd4 Rxd4 32. Nxc5 Qxc5 33. h3 e4 34. Qg4 f5 35.
Qe2 a5 36. Re1 h6 37. Qe3 Kh7 38. h4 Qe5 39. Rc1 f4 40. Qh3 e3 41. Qf3 Qf6 42.
c5 Qxh4+ 43. Kg1 Qe7 44. c6 Qc7 45. Qe2 Rd2 46. Qf3 e2 47. Kf2 Qb6+ 48. Ke1 Rxa2 49.
c7 Qg1+ 0-1

[Event "Early-Titled-Tuesday-Blitz-April-16-2024"]
[Site "Chess.com"]
[Date "2024.04.16"]
[Round "1"]
[White "NelsonLinda"]
[Black "TheoSlade"]
[Result "0-1"]
[WhiteElo "2628"]
[BlackElo "2361"]
[TimeControl "180+1"]
[EndTime "8:07:56 PDT"]
[Termination "TheoSlade won on time"]

1. c4 e6 2. d4 d5 3. g3 dxc4 4. Nf3 a6 5. Bg2 b5 6. Ne5 Ra7 7. O-O Bb7 8. e4 Nd7 9. Nxd7 Qxd7 10. a4 Ra8 11. b3 cxb3 12. Qxb3 Nf6 13. Re1 Be7 14.
Bb2 O-O 15. Nc3 b4 16. Na2 c5 17. dxc5 a5 18. Rad1 Qc7 19. Nc1 Qxc5 20. Nd3 Qb6 21. Ne5 Rfd8 22. Nc4 Qc5 23. Rc1 Qa7 24. Rc2 Rac8 25.
h3 h6 26. Bf3 Rc7 27. Rce2 Ba6 28. Rc1 Rdc8 29. Rec2 Bxc4 30. Rxc4 Bc5 31. Bxf6 gxf6 32.
R1c2 Bxf2+ 33. Kg2 Rxc4 34. Rxc4 Rxc4 35. Qxc4 Qb6 36.
Qc2 b3 37. Qb1 b2 38. Bd1 Bd4 39. Bc2 Qc5 40. Qd1 Kg7 41. Qg4+ Kf8 42. Qd1 Qc3 43.
Qd3 Qxd3 44. Bxd3 Ke7 45. Kf3 Kd6 46. Ke2 Kc5 47. Kd2 Kb4 48. Kc2 Kxa4 49. g4 Kb4 50. Ba6 a4 51. Bb7 a3 0-1

[Event "Early-Titled-Tuesday-Blitz-April-16-2024"]
[Site "Chess.com"]
[Date "2024.04.16"]
[Round "1"]
[White "GMAneta"]
[Black "GM_dmitrij"]
[Result "1-0"]
[WhiteElo "2537"]
[BlackElo "2983"]
[TimeControl "180+1"]
[EndTime "8:07:57 PDT"]
[Termination "GMAneta won by resignation"]

1. d4 Nf6 2. Nf3 d5 3. c4 e5 4.
Nxe5 dxc4 5. e3 b5 6. a4 c6 7. axb5 cxb5 8. b3 Bb7 9. bxc4 b4 10. Qa4+ Nbd7 11. c5 Bd5 12. c6 Nxe5 13. dxe5 Rc8 14.
c7+ Qd7 15. Bb5 Rxc7 16. Bxd7+ Nxd7 17. O-O Bc5 18. Bb2 O-O 19. Nd2 Rfc8 20. Bd4 Nb6 21. Qa5 b3 22. Rfb1 Bxd4 23. exd4 Rc2 24. Nxb3 Bxb3 25.
h3 Be6 26. Qxa7 Nd5 27. Rb8 h5 28. Rxc8+ Rxc8 29. Rb1 Kh7 30. Rb8 Rc1+ 31. Kh2 Rc2 32. Kg3 h4+ 33. Kxh4 Rxf2 34. Kg3 Rc2 35. Rb3 Nc3 36.
Rb6 Bd5 37. Qe7 Rxg2+ 38. Kf4 g5+ 39. Ke3 Rg3+ 40. Kd2 Ne4+ 41. Kc2 Rg2+ 42. Kc1 Nc3 43. Qf8 Na2+ 44. Kd1 Nc3+ 45. Ke1 Be6 46. Rxe6 fxe6 47. Qf7+ Kh6 48. Qxe6+ Kh5 49. Qf5 Re2+ 50. Kf1 Re3 51. e6 Kh6 52. e7 Kg7 53. Qf8+ Kg6 54. e8=Q+ Rxe8 55. Qxe8+ 1-0

[Event "Early-Titled-Tuesday-Blitz-April-16-2024"]
[Site "Chess.com"]
[Date "2024.04.16"]
[Round "1"]
[White "kuba2006"]
[Black "XDPS"]
[Result "1-0"]
[WhiteElo "2518"]
[BlackElo "2864"]
[TimeControl "180+1"]
[EndTime "8:07:57 PDT"]
[Termination "kuba2006 won on time"]

1. e4 c5 2. Nf3 e6 3. d4 cxd4 4. Nxd4 a6 5. Nc3 Qc7 6. Bd3 d6 7. O-O Nd7 8. Kh1 g6 9. f4 Bg7 10. Nb3 Ngf6 11. Bd2 O-O 12. a4 b6 13. Qf3 Bb7 14.
Rae1 Rac8 15. Qh3 Rfe8 16. f5 Ne5 17. fxe6 fxe6 18. Nd4 Qe7 19. Bg5 Nf7 20. Be3 Nd7 21.
Nf3 Nc5 22. Bd4 Ng5 23. Nxg5 Qxg5 24. Bxg7 Kxg7 25. Rf3 Rf8 26. Ref1 Rxf3 27. Qxf3 Qe7 28. b4 Nd7 29. Nd1 Rf8 30. Qe2 Rxf1+ 31. Qxf1 a5 32. bxa5 bxa5 33. Nb2 Nc5 34. Nc4 Qc7 35. e5 dxe5 36.
Qe1 e4 37. Be2 Kg8 38. Qxa5 Qxa5 39. Nxa5 Bd5 40. Bb5 e3 41. Kg1 Be4 42. Nc4 Bxc2 43. a5 e2 44. Kf2 Bd1 45. Nd2 Ba4 46. Bxe2 Bc6 47. Nc4 Kf8 48. Ne5 Bd5 49. a6 Ke7 50. a7 1-0